 Dungeon Crawl Stone Soup version 0.22-b1-26-g9dbaab1112 (webtiles) character file.

2016 Fascinator the Covered (level 9, -13/67 HPs)
             Began as a Gnoll Wanderer on Aug 8, 2018.
             Mangled by an orc warrior
             ... wielding a +0 battleaxe
              (30 damage)
             ... on level 7 of the Dungeon.
             The game lasted 00:17:48 (7158 turns).

Fascinator the Covered (Gnoll Wanderer)             Turns: 7158, Time: 00:17:53

Health: -13/67     AC:  6    Str: 16    XL:     9   Next: 22%
Magic:  16/16      EV: 15    Int: 16    God:
Gold:   215        SH:  0    Dex: 27    Spells: 17/17 levels left

rFire    . . .     SeeInvis .   b - +3 quarterstaff (chaos)
rCold    . . .     Gourm    .   (shield currently unavailable)
rNeg     . . .     Faith    .   y - +3 leather armour of Terror {Str+5 Int+2}
rPois    .         Spirit   .   (no helmet)
rElec    .         Reflect  .   (no cloak)
rCorr    .         Harm     .   (no gloves)
MR       .....                  (no boots)
Stlth    +++.......             v - amulet of rage
HPRegen  0.21/turn              g - +5 ring of dexterity
MPRegen  0.15/turn              (no ring)

@: no status effects
A: distributed training, fangs 1, strong nose
a: Evoke Berserk Rage


You were on level 7 of the Dungeon.
You were hungry.

You visited 1 branch of the dungeon, and saw 7 of its levels.

You collected 390 gold pieces.
You spent 175 gold pieces at shops.

Inventory:

Hand Weapons
 a - a +0 shortbow
 b - a +3 quarterstaff of chaos (weapon)
 D - a +1 dagger of venom
 F - a +1 mace of holy wrath
Missiles
 c - 78 arrows
 i - 23 bolts
Armour
 p - a +3 scale mail
 y - the +3 leather armour of Terror (worn) {Str+5 Int+2}
   (You bought it in a shop on level 4 of the Dungeon)

   It affects your strength (+5).
   It affects your intelligence (+2).
 E - a +0 cloak
Jewellery
 g - a +5 ring of dexterity (left hand)
 v - an amulet of rage (around neck)
Wands
 m - a wand of flame (7)
 B - a wand of random effects (14)
Scrolls
 e - 3 scrolls of enchant armour
 f - a scroll of immolation {unknown}
 l - 8 scrolls of identify
 n - 4 scrolls of remove curse
 r - 2 scrolls of blinking
 s - 3 scrolls of teleportation {unknown}
 u - a scroll of fear
 x - a scroll of amnesia {unknown}
 H - 2 scrolls of enchant weapon {unknown}
Potions
 h - 3 potions of curing {unknown}
 j - a potion of degeneration {unknown}
 k - 2 potions of mutation {unknown}
 o - 2 potions of haste {unknown}
 q - a potion of might {unknown}
 t - a potion of agility {unknown}
 w - a potion of lignification {unknown}
 z - a potion of ambrosia {unknown}
 A - a potion of berserk rage {unknown}
 C - 2 potions of heal wounds
Comestibles
 d - 10 rations


   Skills:
 + Level 4.8 Fighting
 + Level 4.0 Short Blades
 + Level 4.0 Long Blades
 + Level 4.0 Axes
 + Level 4.0 Maces & Flails
 + Level 4.0 Polearms
 + Level 4.0 Staves
 + Level 4.0 Slings
 + Level 6.1 Bows
 + Level 4.0 Crossbows
 + Level 4.8 Throwing
 + Level 6.1 Armour
 + Level 4.0 Dodging
 + Level 4.0 Stealth
 + Level 4.8 Shields
 + Level 4.0 Unarmed Combat
 + Level 4.9 Spellcasting
 + Level 3.2 Conjurations
 + Level 3.2 Hexes
 + Level 3.2 Charms
 + Level 3.2 Summonings
 + Level 3.2 Necromancy
 + Level 3.2 Translocations
 + Level 3.2 Transmutations
 + Level 3.2 Fire Magic
 + Level 3.2 Ice Magic
 + Level 3.2 Air Magic
 + Level 3.2 Earth Magic
 + Level 5.1 Poison Magic
 + Level 4.3 Invocations
 + Level 4.0 Evocations


You had 17 spell levels left.
You didn't know any spells.
Your spell library was empty.

Dungeon Overview and Level Annotations

Branches:
Dungeon (7/15)
 Temple: D:4-7

Altars:
Makhleb
Nemelex Xobeh
Trog
Uskayaw
Wu Jian
The Shining One

Shops:
D:4 *


Innate Abilities, Weirdness & Mutations

Your experience applies equally to all skills.
You have very sharp teeth.
Your uncanny sense of smell can sniff out nearby items.


Message History

The orc warrior throws a tomahawk.
The tomahawk closely misses you.
The orc warrior throws a tomahawk.
The tomahawk hits you!
You see here a tomahawk.
You closely miss the orc warrior. You closely miss the orc warrior.
You bite the orc warrior, but do no damage.
The orc warrior closely misses you.
You hit the orc warrior.
The orc warrior is lightly wounded.
The orc warrior hits you with a battleaxe!!
* * * LOW HITPOINT WARNING * * *
You are too injured to fight recklessly!
You are too injured to fight recklessly!
You hit the orc warrior.
The orc warrior goes berserk!
You bite the orc warrior, but do no damage.
The orc warrior is moderately wounded.
The orc wizard gestures wildly while chanting.
The orc wizard seems to speed up.
The orc warrior hits you with a battleaxe!!
You die...

# ##. #... ##... ##### ##
#...<.#########...# #.
.....oo@(...(...#.# #.
###..##########...# #. #
##.## #. #.# #. # #.# #.
##_## #.# ## 8...8####
####.#
.....##.######.##.#
.....>#.)##.......#######


You could see an orc warrior (berserk) and an orc wizard.

Vanquished Creatures
  A troll (D:5)
  3 sky beasts (D:6)
  A black bear (D:7)
  An ogre (D:4)
  A phantom (D:4)
  A centaur (D:5)
  3 bullfrogs
  2 scorpions
  The ghost of Lavandula the Chopper, a weakling CeBe of Trog (D:3)
  A howler monkey (D:4)
  A crimson imp (D:3)
  A centaur zombie (D:6)
  An orc priest (D:4)
  A centaur skeleton (D:4)
  2 hounds (D:4)
  2 bullfrog skeletons
  Crazy Yiuf (D:4)
  3 orc wizards
  A gnoll shaman (D:7)
  5 worker ants
  2 iguanas
  A worker ant zombie (D:5)
  7 gnolls
  A howler monkey skeleton (D:5)
  8 adders
  A shadow imp (D:7)
  An ooze (D:6)
  An adder zombie (D:6)
  A worm (D:4)
  5 leopard geckos
  12 orcs
  4 ball pythons
  4 giant cockroaches
  10 goblins
  8 hobgoblins
  9 jackals (D:3)
  3 quokkas
  6 bats
  3 frilled lizards
  9 kobolds
  6 rats
135 creatures vanquished.

Notes
Turn   | Place    | Note
-------+----------+-------------------------------------------
     0 | D:1      | Fascinator the Gnoll Wanderer began the quest for the Orb.
     0 | D:1      | Fascinator set off with: a +2 scale mail, a +0 shortbow, 23 arrows, a ration
     0 | D:1      | Reached XP level 1. HP: 17/17 MP: 4/4
   132 | D:1      | Reached XP level 2. HP: 23/23 MP: 5/5
   670 | D:1      | You fall through a shaft!
   900 | D:2      | Reached XP level 3. HP: 25/28 MP: 7/7
   966 | D:2      | Found a sparkling altar of Nemelex Xobeh.
  1402 | D:2      | Reached skill level 1 in Invocations
  2402 | D:3      | Reached skill level 1 in Short Blades
  2402 | D:3      | Reached skill level 1 in Long Blades
  2402 | D:3      | Reached skill level 1 in Axes
  2402 | D:3      | Reached skill level 1 in Maces & Flails
  2402 | D:3      | Reached skill level 1 in Polearms
  2402 | D:3      | Reached skill level 1 in Staves
  2402 | D:3      | Reached skill level 1 in Slings
  2402 | D:3      | Reached skill level 1 in Crossbows
  2402 | D:3      | Reached skill level 1 in Dodging
  2402 | D:3      | Reached skill level 1 in Stealth
  2402 | D:3      | Reached skill level 1 in Unarmed Combat
  2402 | D:3      | Reached skill level 1 in Evocations
  2431 | D:3      | Reached XP level 4. HP: 18/34 MP: 8/8
  2763 | D:3      | Found a runed door.
  2769 | D:3      | Noticed Lavandula's ghost (weakling CeBe)
  2957 | D:3      | Noticed a bullfrog
  2989 | D:3      | Killed a bullfrog
  2989 | D:3      | Reached skill level 1 in Conjurations
  2989 | D:3      | Reached skill level 1 in Hexes
  2989 | D:3      | Reached skill level 1 in Charms
  2989 | D:3      | Reached skill level 1 in Summonings
  2989 | D:3      | Reached skill level 1 in Necromancy
  2989 | D:3      | Reached skill level 1 in Translocations
  2989 | D:3      | Reached skill level 1 in Transmutations
  2989 | D:3      | Reached skill level 1 in Fire Magic
  2989 | D:3      | Reached skill level 1 in Ice Magic
  2989 | D:3      | Reached skill level 1 in Air Magic
  2989 | D:3      | Reached skill level 1 in Earth Magic
  2989 | D:3      | Reached XP level 5. HP: 37/40 MP: 9/9
  3464 | D:3      | Killed Lavandula's ghost
  3464 | D:3      | Reached XP level 6. HP: 15/47 MP: 10/10
  4155 | D:4      | Reached skill level 5 in Bows
  4155 | D:4      | Reached skill level 5 in Armour
  4452 | D:4      | Reached XP level 7. HP: 52/52 MP: 12/12
  4643 | D:4      | Found Maall's Assorted Antiques.
  4648 | D:4      | Bought a smoking leather armour for 175 gold pieces
  4658 | D:4      | Identified the +3 leather armour of Terror {Str+5 Int+2} (You bought it in a shop on level 4 of the Dungeon)
  5163 | D:4      | Found a runed door.
  5167 | D:4      | Noticed Crazy Yiuf
  5177 | D:4      | Killed Crazy Yiuf
  5379 | D:5      | Entered Level 5 of the Dungeon
  5609 | D:5      | Found a bloodstained altar of Trog.
  5849 | D:5      | Noticed a troll
  5859 | D:5      | Killed a troll
  5859 | D:5      | Reached XP level 8. HP: 60/60 MP: 14/14
  6047 | D:5      | Found a glowing golden altar of the Shining One.
  6173 | D:5      | Found a hide-covered altar of Uskayaw.
  6896 | D:6      | Reached XP level 9. HP: 66/66 MP: 16/16
  6898 | D:6      | Reached skill level 5 in Poison Magic
  7110 | D:7      | Found an ornate altar of the Wu Jian Council.
  7120 | D:7      | Found a burning altar of Makhleb.
  7158 | D:7      | Mangled by an orc warrior

Skill      XL: |  1  2  3  4  5  6  7  8  9 |
---------------+----------------------------+-----
Invocations    | 1 2 3 4 |  4.3
Short Blades   | 1 2 3 4 |  4.0
Long Blades    | 1 2 3 4 |  4.0
Axes           | 1 2 3 4 |  4.0
Maces & Flails | 1 2 3 4 |  4.0
Polearms       | 1 2 3 4 |  4.0
Staves         | 1 2 3 4 |  4.0
Slings         | 1 2 3 4 |  4.0
Crossbows      | 1 2 3 4 |  4.0
Dodging        | 1 2 3 4 |  4.0
Stealth        | 1 2 3 4 |  4.0
Unarmed Combat | 1 2 3 4 |  4.0
Evocations     | 1 2 3 4 |  4.0
Spellcasting   | 3 4 |  4.9
Conjurations   | 1 2 3 |  3.2
Hexes          | 1 2 3 |  3.2
Charms         | 1 2 3 |  3.2
Summonings     | 1 2 3 |  3.2
Necromancy     | 1 2 3 |  3.2
Translocations | 1 2 3 |  3.2
Transmutations | 1 2 3 |  3.2
Fire Magic     | 1 2 3 |  3.2
Ice Magic      | 1 2 3 |  3.2
Air Magic      | 1 2 3 |  3.2
Earth Magic    | 1 2 3 |  3.2
Fighting       | 3 4 |  4.8
Throwing       | 3 4 |  4.8
Shields        | 3 4 |  4.8
Poison Magic   | 4 5 |  5.1
Bows           | 5 6 |  6.1
Armour         | 5 6 |  6.1

Action                   |  1- 3 |  4- 6 |  7- 9 || total
-------------------------+-------+-------+-------++-------
Melee: Dagger            |   307 |   106 |    15 ||   428
       Bite              |    39 |     8 |    21 ||    68
       Punch             |     2 |       |     1 ||     3
       Quarterstaff      |       |       |   121 ||   121
 Fire: Shortbow          |    34 |    62 |    84 ||   180
 Abil: Evoke Berserk Rag |       |       |     1 ||     1
  Use: Scroll            |     5 |       |       ||     5
       Potion            |       |     1 |       ||     1
 Stab: Sleeping          |       |       |    11 ||    11
       Confused          |       |       |     4 ||     4
       Paralysed         |       |       |     1 ||     1
  Eat: Chunk             |     5 |     6 |     6 ||    17
       Ration            |       |       |     1 ||     1
Armor: Scale mail        |   168 |    72 |       ||   240
       Leather armour    |       |       |    26 ||    26
Dodge: Dodged            |   164 |    79 |    84 ||   327
